 Dungeon Crawl Stone Soup version 0.31-a0-960-g0fca184906 (webtiles) character file.

Game seed: 12418447363389391136

1869 Mgcat the Chopper (level 9, -8/62 HPs)
             Began as an Octopode Fighter on Oct 23, 2023.
             Hit by a large rock thrown by a cyclops (41 damage)
             ... on level 7 of the Dungeon.
             The game lasted 00:07:54 (5536 turns).

Mgcat the Chopper (Octopode Fighter)                Turns: 5536, Time: 00:07:55

Health: -8/62      AC:  1    Str: 25    XL:     9   Next: 13%
Magic:  9/9        EV: 14    Int: 11    God:
Gold:   301        SH:  6    Dex: 11    Spells: 8/8 levels left

rFire   . . .        a - +0 war axe
rCold   . . .        b - +1 buckler
rNeg    . . .        (helmet restricted)
rPois   .            (no amulet)
rElec   .            d - ring of see invisible {sInv, !d}
rCorr   .            y - +6 ring of strength
SInv    +            (no ring)
Will    .....        (no ring)
Stlth   ++++         (no ring)
HPRegen 0.30/turn    (no ring)
MPRegen 0.11/turn    (no ring)
                     (no ring)

%: no passive effects
@: no status effects
A: almost no armour, amphibious, 8 rings, camouflage 1, gelatinous body 1,
(nimble swimmer 1), tentacles
a: no special abilities


You were on level 7 of the Dungeon.
You visited 1 branch of the dungeon, and saw 7 of its levels.

You collected 301 gold pieces.

Inventory:

Hand Weapons
 a - a +0 war axe (weapon)
Missiles
 w - 5 stones (quivered)
 z - a throwing net {=f, !d}
Armour
 b - a +1 buckler (worn)
Jewellery
 d - a ring of see invisible (left tentacle) {sInv, !d}
   (You found it on level 1 of the Dungeon)
 h - a ring of ice {rC+, rF-}
   (You found it on level 5 of the Dungeon)
 y - a +6 ring of strength (right tentacle)
   (You found it on level 6 of the Dungeon)
Wands
 c - a wand of flame (18)
   (You found it on level 5 of the Dungeon)
Scrolls
 n - a scroll of enchant weapon {unknown}
 r - a scroll of poison {unknown}
 s - a scroll of blinking {unknown}
 u - a scroll of summoning
 v - a scroll of teleportation
Potions
 e - a potion of heal wounds
 g - a potion of cancellation
 k - 3 potions of magic
 l - a potion of ambrosia {unknown}
 m - a potion of enlightenment
 p - 2 potions of invisibility
 q - a potion of berserk rage {unknown}
 t - 2 potions of attraction {unknown}
 x - 2 potions of curing {unknown}
 A - a potion of brilliance {unknown}


   Skills:
 + Level 5.7 Fighting
 * Level 7.2 Axes
 + Level 5.6 Dodging
 - Level 5.0 Stealth
 + Level 5.7 Shields


You had 8 spell levels left.
You didn't know any spells.
Your spell library contained the following spells:

 Spells                   Type           Power      Damage    Failure   Level
 Magic Dart               Conj           0%         1d3       38%         1
 Poisonous Vapours        Pois/Air       0%         N/A       52%         2
 Scorch                   Fire           0%         2d5       52%         2
 Searing Ray              Conj           0%         2d4       52%         2
 Ignite Poison            Fire/Tmut/Pois 0%         N/A       77%         3
 Mephitic Cloud           Conj/Pois/Air  0%         N/A       77%         3
 Flame Wave               Conj/Fire      0%         2d4       99%         4
 Fulminant Prism          Conj/Hex       0%         3d5       99%         4
 Sticky Flame             Conj/Fire      0%         2d3       99%         4
 Freezing Cloud           Conj/Ice/Air   0%         6-21      100%        5
 Summon Cactus Giant      Summ           0%         N/A       100%        6
 Malign Gateway           Summ/Tloc      0%         N/A       100%        7
 Ignition                 Fire           0%         3d3       100%        8
 Summon Horrible Things   Summ           0%         N/A       100%        8


Dungeon Overview and Level Annotations

Branches:
Dungeon (7/15)
 Temple: D:4-7

Altars:
Fedhas
Sif Muna
Xom
The Shining One


Innate Abilities, Weirdness & Mutations

You cannot wear most types of armour.
You are amphibious.
You can wear up to eight rings at the same time.
Your skin changes colour to match your surroundings (Stealth+).
Your rubbery body absorbs attacks. (AC +1, EV +1)
((You are camouflaged when in or above water. (Stealth+)))
You have tentacles for arms and can constrict up to eight enemies at once.


Message History

You take 6 damage, and have 56/62 hp.
Spoiler Alert: The white imp can cast Throw Frost!
The white imp summons a swarm of flies.
The white imp gestures at you. You block the puff of frost.
You slash the white imp!
You kill the white imp!
No target in view!
No target in view!
You open the door.
A gnoll bouda and 3 gnolls come into view.
Health restored: 62
There is an open door here.
The helpless gnoll fails to defend itself.
You slash the gnoll!
You kill the gnoll!
You see here a +0 club.
The helpless gnoll fails to defend itself.
You slice the gnoll!!
You kill the gnoll!
The helpless gnoll fails to defend itself.
You hit the gnoll but do no damage. You grab the gnoll. You squeeze the gnoll.
The gnoll is moderately wounded.
The helpless gnoll bouda fails to defend itself.
You slash the gnoll bouda! You constrict the gnoll.
The gnoll bouda gazes fiercely through you!
You feel your attacks grow feeble.
The gnoll bouda hits you with a +0 whip.
The gnoll barely misses you.
You take 5 damage, and have 57/62 hp.
You hit the gnoll.
You kill the gnoll!
You slash the gnoll bouda!
You kill the gnoll bouda!
No target in view!
No target in view!
No target in view!
Your attacks no longer feel as feeble.
You see here a +0 club.
As you open the door, it creaks loudly!
Health restored: 62
There is an open door here.
u - 2 scrolls labelled UHEKHA WOSKA (gained 1)
You pick up a book of Scorching and begin reading...
You add the spells Scorch, Flame Wave and Summon Cactus Giant to your library.
You now have 301 gold pieces (gained 10).
You open the door.
There is an open door here.
You open the door.
There is an open door here.
You open the door.
There is an open door here.
Found a stone staircase leading down.
x - 2 purple potions (gained 1)
An orc comes into view.
It is wielding a +0 hand axe and quivering darts of dispersal.
The orc shouts!
The orc barely misses you.
You slash the orc!
You kill the orc!
B - 4 darts of dispersal {=f}
Things that are here:
a +0 hand axe; an orc corpse You drop 4 darts of dispersal {=f}.
As you read the scroll labelled UHEKHA WOSKA, it crumbles to dust.
Wisps of shadow whirl around you...
It was a scroll of summoning.
As you read the scroll labelled ERHAWAW XIST, it crumbles to dust.
You hear a loud clanging noise!
It was a scroll of noise.
You hear a shout!
You hear an angry hiss.
You hear a shout! x4
Unknown command.
As you read the scroll labelled ERHOAM HAFOPH, it crumbles to dust.
It is a scroll of amnesia.
You feel forgetful for a moment.
As you read the scroll labelled ITIYBO WEHAULUZO, it crumbles to dust.
It is a scroll of enchant armour.
Your +0 buckler glows green for a moment.
As you read the scroll labelled MARICU DEKIL, it crumbles to dust.
Your body is wracked with pain!
Your orc convulses!
It was a scroll of torment.
A cyclops comes into view.
You take 30 damage, and have 32/62 hp.
MASSIVE DAMAGE!!
Spoiler Alert: The cyclops (ally target) can throw large rocks!
Unknown command.
Lua error: [string "/dgldir/rcfiles/crawl-git/Mgcat.rc"]:930: invalid capture index
Okay, then.
Lua error: [string "/dgldir/rcfiles/crawl-git/Mgcat.rc"]:930: invalid capture index Unknown command.
Lua error: [string "/dgldir/rcfiles/crawl-git/Mgcat.rc"]:930: invalid capture index Unknown command.
Spoiler Alert: The cyclops (ally target) can throw large rocks!
Unknown command.
Lua error: [string "/dgldir/rcfiles/crawl-git/Mgcat.rc"]:930: invalid capture index Unknown command.
Lua error: [string "/dgldir/rcfiles/crawl-git/Mgcat.rc"]:930: invalid capture index The cyclops throws a large rock.
The large rock closely misses your wight.
The large rock hits you!!!
Ouch! That really hurt!
You die...

..#......+........# ..
..#......##.......# ...
..#.......#.##.#### ...#
..'.......####.##.##...#
..#.......#............#
..#......##......zz!..)C
..#......+.........z...#
#####...##.....o(z.....#
#...#+#.###....#@###.###
.)....### #....#)# ..
.)......# #+#....# .#
.......## ###... .
.......+ #..#. ......##
#..#.. ......# #..# #.
##+#### +$.. .. ......#
#... ..


You could see a cyclops (ally target), 4 friendly wights and a friendly orc
(summoned).

Vanquished Creatures
  Grinder (D:5)
  Menkaure (D:6)
  A water moccasin (D:5)
  2 black bears (D:4)
  An ice beast (D:7)
  An ogre (D:4)
  2 phantoms
  A bullfrog (D:6)
  2 scorpions
  A jelly (D:4)
  A gnoll bouda (D:7)
  3 orc priests
  4 hounds
  A sleepcap (D:5)
  8 iguanas
  An orc wizard (D:3)
  7 gnolls
  9 adders
  A white imp (D:7)
  3 worms
  15 orcs
  5 endoplasms
  4 giant cockroaches
  9 goblins
  8 hobgoblins
  3 jackals (D:1)
  2 quokkas
  5 ball pythons
  7 bats
  A frilled lizard (D:2)
  3 kobolds
  3 rats
116 creatures vanquished.

Notes
Turn   | Place    | Note
-------+----------+-------------------------------------------
     0 | D:1      | Mgcat the Octopode Fighter began the quest for the Orb.
     0 | D:1      | Reached XP level 1. HP: 16/16 MP: 1/1
   143 | D:1      | Reached XP level 2. HP: 21/21 MP: 2/2
   790 | D:2      | Found a faded altar of an unknown god.
   805 | D:2      | Reached XP level 3. HP: 26/26 MP: 3/3
   858 | D:2      | Reached skill level 1 in Stealth
  1244 | D:3      | Reached XP level 4. HP: 31/31 MP: 4/4
  1250 | D:3      | Reached skill level 3 in Axes
  1466 | D:3      | Reached skill level 2 in Stealth
  1718 | D:3      | Identified the +5 ring mail of Wisdom {Int+3 Dex+4}
  1878 | D:3      | Reached XP level 5. HP: 36/36 MP: 5/5
  2027 | D:4      | Noticed a phantom
  2040 | D:4      | Noticed a black bear
  2059 | D:4      | Noticed an ogre
  2064 | D:4      | Killed an ogre
  2065 | D:4      | Reached skill level 4 in Axes
  2065 | D:4      | Reached skill level 3 in Stealth
  2065 | D:4      | Reached XP level 6. HP: 43/43 MP: 6/6
  2223 | D:4      | Reached skill level 4 in Shields
  2243 | D:4      | Found a glowing golden altar of the Shining One.
  2244 | D:4      | Noticed a black bear
  2248 | D:4      | Killed a black bear
  2249 | D:4      | Reached skill level 4 in Fighting
  2249 | D:4      | Reached skill level 4 in Dodging
  2854 | D:5      | Entered Level 5 of the Dungeon
  2922 | D:5      | Noticed a water moccasin
  2935 | D:5      | HP: 5/43 [water moccasin (7)]
  2938 | D:5      | Killed a water moccasin
  2939 | D:5      | Reached XP level 7. HP: 16/48 MP: 7/7
  2940 | D:5      | HP: 12/48 [poisoned by a water moccasin]
  2945 | D:5      | HP: 7/48 [poisoned by a water moccasin]
  3181 | D:5      | Noticed Grinder
  3190 | D:5      | Reached skill level 4 in Stealth
  3283 | D:4      | Reached skill level 5 in Axes
  3587 | D:5      | Reached XP level 8. HP: 25/54 MP: 8/8
  3649 | D:5      | Killed Grinder
  3815 | D:5      | Reached skill level 5 in Stealth
  4032 | D:6      | Reached skill level 5 in Fighting
  4032 | D:6      | Reached skill level 6 in Axes
  4032 | D:6      | Reached skill level 5 in Shields
  4092 | D:6      | Found a shimmering blue altar of Sif Muna.
  4098 | D:6      | Noticed Menkaure
  4374 | D:6      | Reached skill level 5 in Dodging
  4918 | D:6      | Found a blossoming altar of Fedhas.
  5027 | D:6      | Killed Menkaure
  5028 | D:6      | Reached skill level 7 in Axes
  5028 | D:6      | Reached XP level 9. HP: 61/61 MP: 9/9
  5084 | D:6      | Found a shimmering altar of Xom.
  5535 | D:7      | Noticed a cyclops
  5536 | D:7      | Hit by a large rock thrown by a cyclops

Illustrated notes

Levels and vault maps discovered:
D:1:      co_arrival_square_in_a_square_in_a_square, layout_loops_ring,
          st_stairs_5
D:2:      layout_loops_ring, hellmonk_ecumenical_altar_arch_garden
D:3:      layout_loops_ring
D:4:      layout_basic, old_standard_altar
D:5:      layout_loops_cross, minivault_23, uniq_grinder
D:6:      layout_cave_pods, lemuel_crystal_altar, lemuel_crystal_altar,
          xom_butterflies, nicolae_half_adder, uniq_menkaure
D:7:      nicolae_cairo_tiling_very_big, layout_gridville, temple_green,
          minmay_chambers_of_fives

Skill      XL: |  1  2  3  4  5  6  7  8 |
---------------+-------------------------+-----
Stealth        | 1 2 3 4 5 |  5.0
Axes           | 3 4 5 7 |  7.2
Shields        | 4 5 |  5.7
Fighting       | 4 5 |  5.7
Dodging        | 4 5 |  5.6

Action                     |  1- 3 |  4- 6 |  7- 9 || total
---------------------------+-------+-------+-------++-------
  Melee: War axe           |    49 |    84 |   107 ||   240
         Constrict         |    19 |    16 |    27 ||    62
         Tentacles         |    11 |    18 |    25 ||    54
         Punch             |       |     1 |     1 ||     2
  Throw: Stone             |       |       |     5 ||     5
    Use: Scroll            |       |     7 |     5 ||    12
         Potion            |       |     3 |       ||     3
   Stab: Sleeping          |     7 |     9 |    17 ||    33
         Distracted        |       |       |     1 ||     1
 Armour: Skin              |    10 |    41 |    39 ||    90
  Dodge: Dodged            |    29 |    38 |    44 ||   111
  Block: Buckler           |     6 |    21 |    15 ||    42

Table legend: (Time is in decaauts)
 A = Elapsed time spent in this place.
 B = Non-inter-level travel time spent in this place.
 C = Inter-level travel time spent in this place.
 D = Time resting spent in this place.
 E = Time spent auto-exploring this place.
 F = Levels seen in this place.
 G = Mean time per level.
                   A        B        C        D        E       F      G
               +--------+--------+--------+--------+--------+-----+--------+
         Total |   5611 |   5414 |    197 |    855 |   3668 |   7 |  801.6 |
       Dungeon |   5611 |   5414 |    197 |    855 |   3668 |   7 |  801.6 |
               +--------+--------+--------+--------+--------+-----+--------+

Top non-repeatable levels by time:
     D:6: 1319 daAuts
     D:4: 1151 daAuts
     D:5: 912 daAuts
     D:3: 750 daAuts
     D:2: 637 daAuts
     D:1: 621 daAuts
     D:7: 218 daAuts

Levels and vault maps discovered:
D:1:      co_arrival_square_in_a_square_in_a_square, layout_loops_ring,
          st_stairs_5
D:2:      layout_loops_ring, hellmonk_ecumenical_altar_arch_garden
D:3:      layout_loops_ring
D:4:      layout_basic, old_standard_altar
D:5:      layout_loops_cross, minivault_23, uniq_grinder
D:6:      layout_cave_pods, lemuel_crystal_altar, lemuel_crystal_altar,
          xom_butterflies, nicolae_half_adder, uniq_menkaure
D:7:      nicolae_cairo_tiling_very_big, layout_gridville, temple_green,
          minmay_chambers_of_fives

Table legend: (Time is in decaauts)
 A = Elapsed time spent in this place.
 B = Non-inter-level travel time spent in this place.
 C = Inter-level travel time spent in this place.
 D = Time resting spent in this place.
 E = Time spent auto-exploring this place.
 F = Levels seen in this place.
 G = Mean time per level.
                   A        B        C        D        E       F      G
               +--------+--------+--------+--------+--------+-----+--------+
         Total |   5611 |   5414 |    197 |    855 |   3668 |   7 |  801.6 |
       Dungeon |   5611 |   5414 |    197 |    855 |   3668 |   7 |  801.6 |
               +--------+--------+--------+--------+--------+-----+--------+

Top non-repeatable levels by time:
     D:6: 1319 daAuts
     D:4: 1151 daAuts
     D:5: 912 daAuts
     D:3: 750 daAuts
     D:2: 637 daAuts
     D:1: 621 daAuts
     D:7: 218 daAuts

Table legend:
 A = Kills in this place as a percentage of kills in the entire game.
 B = Kills by you in this place as a percentage of kills by you in the entire game.
 C = Kills by friends in this place as a percentage of kills by friends in the entire game.
 D = Other kills in this place as a percentage of other kills in the entire game.
 E = Experience gained in this place as a percentage of experience gained in the entire game.
 F = Experience gained in this place divided by the number of levels of this place that you have seen.
                   A       B       C       D       E      F
               +-------+-------+-------+-------+-------+----------------------
         Total | 100.0 | 100.0 |   N/A |   N/A | 100.0 | 381.6
       Dungeon | 100.0 | 100.0 |   N/A |   N/A | 100.0 | 381.6
               +-------+-------+-------+-------+-------+----------------------
